 Dungeon Crawl Stone Soup version 0.31.0-12-g77e489cdc1 (webtiles) character file.

Game seed: 347825409030973848

28333 raph the Carver (level 13, -3/116 HPs)
             Began as a Minotaur Fighter on Feb 21, 2024.
             Was a High Priest of Zin.
             Slain by a manticore (10 damage)
             ... on level 12 of the Dungeon.
             The game lasted 00:25:09 (18555 turns).

raph the Carver (Minotaur Fighter)                 Turns: 18555, Time: 00:25:10

Health: -3/116     AC: 20    Str: 21    XL:     13   Next: 9%
Magic:  18/18      EV: 10    Int:  5    God:    Zin [*****.]
Gold:   784        SH:  7    Dex: 15    Spells: 12/12 levels left

rFire   . . .        a - +1 long sword
rCold   . . .        c - +1 buckler
rNeg    . . .        F - +1 plate armour
rPois   .            H - +1 hat {Stlth+}
rElec   .            C - scarf {repulsion}
rCorr   .            (no gloves)
SInv    +            g - +2 pair of boots
Will    .....        (no amulet) Stlth
                     q - ring of flight
HPRegen 0.39/turn    B - ring of see invisible
MPRegen 0.16/turn

%: repel missiles
@: flying
A: horns 2, retaliatory headbutt
a: Renounce Religion, Recite, Vitalisation, Imprison, Sanctuary, Donate Gold


You were on level 12 of the Dungeon.
You worshipped Zin.
Zin was extremely pleased with you.
You visited 2 branches of the dungeon, and saw 14 of its levels.

You collected 871 gold pieces.
You donated 87 gold pieces to Zin.

Inventory:

Hand Weapons
 a - a +1 long sword (weapon)
 z - a +0 scimitar of pain
 J - a +1 short sword of electrocution
Missiles
 f - a throwing net
 o - 21 boomerangs (quivered)
 s - 40 poisoned darts
 E - 4 javelins
Armour
 c - a +1 buckler (worn)
 g - a +2 pair of boots (worn)
 l - a +2 hat
 C - a scarf of repulsion (worn)
 F - a +1 plate armour (worn)
 H - a +1 hat of stealth (worn)
Jewellery
 q - a ring of flight (left hand)
 B - a ring of see invisible (right hand)
 I - a ring of positive energy
Wands
 d - a wand of charming (7)
 n - a wand of roots (7)
 y - a wand of flame (2)
Scrolls
 b - a scroll of poison
 e - 2 scrolls of fog
 i - a scroll of fear
 m - 6 scrolls of teleportation
 v - a scroll of enchant weapon
 w - a scroll of amnesia
 K - a scroll of immolation
 L - a scroll of identify
Potions
 h - 4 potions of curing
 j - 2 potions of enlightenment
 k - 4 potions of haste
 p - 3 potions of attraction
 r - a potion of lignification
 t - 4 potions of mutation
 u - 2 potions of cancellation
 x - a potion of resistance
 A - a potion of berserk rage
Miscellaneous
 D - a lightning rod (4/4)
 G - a condenser vane


   Skills:
 + Level 11.5 Fighting
 - Level 14.0 Long Blades
 + Level 2.7 Throwing
 + Level 11.6 Armour
 + Level 9.8 Dodging
 - Level 7.6 Shields
 + Level 8.8 Invocations
 + Level 2.3 Evocations


You had 12 spell levels left.
You didn't know any spells.
Your spell library contained the following spells:

 Spells                   Type           Power      Damage    Failure   Level
 Jinxbite                 Hex            0%         N/A       100%        2
 Scorch                   Fire           0%         2d5       100%        2
 Flame Wave               Conj/Fire      0%         2d4       100%        4
 Yara's Violent Unravell  Hex/Alch       0%         3d3       100%        5
 Summon Cactus Giant      Summ           0%         N/A       100%        6
 Enfeeble                 Hex            0%         N/A       100%        7


Dungeon Overview and Level Annotations

Branches:
Dungeon (12/15)            Temple (0/1) D:4            Lair (2/5) D:8
  Swamp (0/4) Lair:2          Orc (0/2) D:10
  Snake: Lair:2-3    Spider: Lair:2-3

Altars:
Cheibriados
Fedhas
Makhleb
Okawaru
Qazlal
Sif Muna
Trog
Uskayaw
Vehumet
Wu Jian
Yredelemnul
Zin
The Shining One

Shops:
D:7 *

Portals:
Abyss: D:6
Trove: D:12 (give +3 fire dragon scales)

Annotations:
D:6 2 transporters, 7tar4e's ghost, novice FeBe
D:10 2 transporters, Calas's ghost, journeyman MiMo
D:11 3 runed translucent doors, diceflayer's ghost, journeyman DsFi


Innate Abilities, Weirdness & Mutations

You have a pair of horns on your head.
You reflexively headbutt those who attack you in melee.


Message History

You closely miss the manticore.
The manticore is heavily wounded.
You hit the manticore but do no damage.
The manticore is heavily wounded.
The manticore bites you.
The manticore claws you but does no damage.
The manticore claws you!
* * * LOW HITPOINT WARNING * * *
You hit the manticore. You headbutt the manticore.
The manticore is severely wounded.
The manticore bites you but does no damage.
The manticore claws you but does no damage.
The manticore completely misses you.
You hit the manticore.
The manticore is severely wounded.
The manticore barely misses you. You furiously retaliate!
You headbutt the manticore!
The manticore claws you but does no damage.
You block the manticore's attack.
You hit the manticore. Your headbutt misses the manticore.
The manticore is severely wounded.
You hit the manticore but do no damage.
The manticore is severely wounded.
You block the manticore's attack. The manticore barely misses you.
The manticore claws you but does no damage.
You hit the manticore but do no damage.
The manticore is severely wounded.
The manticore bites you!
* * * LOW HITPOINT WARNING * * *
The manticore claws you.
* * * LOW HITPOINT WARNING * * *
The manticore claws you but does no damage.
You barely miss the manticore.
The manticore is severely wounded.
You hit the manticore. Your headbutt misses the manticore.
The manticore is almost dead.
The manticore bites you!
* * * LOW HITPOINT WARNING * * *
The manticore claws you!
You die...

......####.....#######.#
#......###.# #..
#.#....# #.######.# #.
#.....####........
#.#....##.....###...
#....#.#..##.####.##
#..#............#.#
###....#(#.###.##.#.#
.......@.(...#.##...##
#...##H..###...##....#
#### #..## #..##.##.#
...# #..##.##.### .#..#
#..##.##...# .##.##
#...#.####.. .. ..
##....# ##. .. ..
#.######. #.###....


You could see a manticore.

Vanquished Creatures
  Gastronok (Lair:1)
  A centaur warrior (D:12)
  8 two-headed ogres
  A catoblepas (Lair:2)
  3 boulder beetles
  A goliath frog (Lair:2)
  A deep elf pyromancer (D:12)
  A manticore (D:12)
  An ugly thing (D:12)
  2 black mambas (Lair:1)
  2 gargoyles
  4 cane toads
  Maggie (D:8)
  2 unseen horrors
  2 kobold demonologists (D:10)
  9 komodo dragons
  3 trolls
  A polar bear (Lair:1)
  4 slime creatures (D:11)
  4 blink frogs (Lair:1)
  A wraith (D:10)
  Sigmund (D:6)
  A shadow (D:11)
  5 wyverns
  14 yaks
  8 basilisks
  4 steam dragons
  4 vampire mosquitoes
  2 acid dragons
  2 water moccasins (Lair:1)
  A swamp drake (D:8)
  4 orc warriors
  2 ice beasts (D:6)
  An ogre (D:6)
  7 wolves
  8 centaurs
  4 kobold brigands
  7 scorpions
  8 bullfrogs
  A gnoll sergeant (D:5)
  5 killer bees (D:8)
  5 hounds
  3 orc priests
  3 jellies
  14 orc wizards
  2 iguanas
  5 adders
  8 gnolls
  2 white imps
  2 ufetubi (D:5)
  2 ribbon worms
  37 orcs
  6 endoplasms
  A giant cockroach (D:3)
  8 goblins
  8 hobgoblins
  22 kobolds
  3 quokkas
  4 ball pythons
  10 bats
  3 frilled lizards
  7 rats
297 creatures vanquished.

Vanquished Creatures (others)
  A bombardier beetle (D:6)
  An orc wizard (D:6)
  An orc (D:6)
3 creatures vanquished.

Grand Total: 300 creatures vanquished

Notes
Turn   | Place    | Note
-------+----------+-------------------------------------------
     0 | D:1      | raph the Minotaur Fighter began the quest for the Orb.
     0 | D:1      | Reached XP level 1. HP: 19/19 MP: 0/0
    88 | D:1      | Reached skill level 3 in Long Blades
   122 | D:1      | Reached XP level 2. HP: 21/26 MP: 1/1
  1060 | D:1      | Reached skill level 4 in Long Blades
  1121 | D:2      | Reached XP level 3. HP: 31/31 MP: 2/2
  1459 | D:2      | Found a faded altar of an unknown god.
  1703 | D:3      | Reached skill level 5 in Long Blades
  1713 | D:3      | Reached XP level 4. HP: 32/39 MP: 3/3
  2051 | D:3      | Found a glowing silver altar of Zin.
  2061 | D:3      | Became a worshipper of Zin the Law-Giver
  2976 | D:4      | Found a staircase to the Ecumenical Temple.
  2986 | D:4      | Reached * piety under Zin
  3056 | D:4      | Noticed a scorpion
  3064 | D:4      | Killed a scorpion
  3065 | D:4      | Reached skill level 6 in Long Blades
  3065 | D:4      | Reached skill level 1 in Dodging
  3065 | D:4      | Reached XP level 5. HP: 36/46 MP: 4/4
  3627 | D:4      | Reached ** piety under Zin
  4062 | D:5      | Entered Level 5 of the Dungeon
  4062 | D:5      | Noticed a +0 dagger
  4062 | D:5      | Noticed a +0 dagger
  4461 | D:5      | Reached XP level 6. HP: 52/52 MP: 5/5
  4466 | D:5      | Found a hide-covered altar of Uskayaw.
  4650 | D:5      | Reached skill level 1 in Invocations
  4909 | D:5      | Reached skill level 7 in Long Blades
  4910 | D:5      | Found a bloodstained altar of Trog.
  5259 | D:5      | Reached XP level 7. HP: 56/60 MP: 7/7
  5382 | D:6      | Reached skill level 5 in Armour
  5501 | D:6      | Reached skill level 5 in Fighting
  5630 | D:6      | Reached skill level 8 in Long Blades
  5844 | D:6      | Reached XP level 8. HP: 53/69 MP: 8/8
  6080 | D:6      | Noticed Sigmund
  6093 | D:6      | Killed Sigmund
  6219 | D:6      | Noticed a red devil
  6234 | D:6      | Found a transporter.
  6240 | D:6      | Found a one-way gate to the infinite horrors of the Abyss.
  6240 | D:6      | Noticed 7tar4e's ghost (novice FeBe)
  6251 | D:6      | Reached skill level 9 in Long Blades
  6327 | D:6      | Found a transporter.
  6646 | D:7      | Reached *** piety under Zin
  6928 | D:7      | Found Rizxism's Island Escapes.
  8039 | D:8      | Reached XP level 9. HP: 41/78 MP: 10/10
  8386 | D:8      | Reached skill level 10 in Long Blades
  8427 | D:8      | Reached skill level 5 in Dodging
  8499 | D:8      | Found a burning altar of Makhleb.
  8561 | D:8      | Noticed Maggie
  8578 | D:8      | Killed Maggie
  8782 | D:8      | Found a radiant altar of Vehumet.
  8783 | D:8      | Found a stormy altar of Qazlal.
  8784 | D:8      | Found an ornate altar of the Wu Jian Council.
  8784 | D:8      | Found a blossoming altar of Fedhas.
  8829 | D:8      | Noticed a two-headed ogre
  8840 | D:8      | Killed a two-headed ogre
  9243 | D:8      | Noticed a komodo dragon
  9255 | D:8      | Killed a komodo dragon
  9256 | D:8      | Reached skill level 11 in Long Blades
  9256 | D:8      | Reached skill level 5 in Invocations
  9302 | D:8      | Reached XP level 10. HP: 48/88 MP: 12/12
  9541 | D:8      | Found a staircase to the Lair.
  9947 | D:9      | Noticed a two-headed ogre
  9961 | D:9      | Killed a two-headed ogre
  9980 | D:9      | Reached **** piety under Zin
 10246 | D:9      | Reached skill level 12 in Long Blades
 10411 | D:9      | Noticed a two-headed ogre
 10427 | D:9      | Killed a two-headed ogre
 10839 | D:9      | Found a shimmering blue altar of Sif Muna.
 11138 | Lair:1   | Entered Level 1 of the Lair of Beasts
 11153 | Lair:1   | Noticed a black mamba
 11160 | Lair:1   | Killed a black mamba
 11318 | Lair:1   | Reached XP level 11. HP: 56/95 MP: 14/14
 11570 | Lair:1   | Noticed Gastronok
 11589 | Lair:1   | Killed Gastronok
 11590 | Lair:1   | Reached skill level 13 in Long Blades
 12410 | Lair:1   | Reached skill level 5 in Shields
 13507 | Lair:2   | Noticed a catoblepas
 13521 | Lair:2   | Noticed a boulder beetle
 13529 | Lair:2   | HP: 2/99 [catoblepas (7)]
 13529 | Lair:2   | Zin protects you from harm!
 14173 | Lair:1   | Killed a boulder beetle
 14174 | Lair:1   | Reached skill level 10 in Fighting
 14174 | Lair:1   | Reached skill level 14 in Long Blades
 14174 | Lair:1   | Reached skill level 10 in Armour
 14293 | Lair:2   | Killed a catoblepas
 14415 | Lair:2   | Reached XP level 12. HP: 87/106 MP: 16/16
 14509 | Lair:2   | Found a staircase to the Swamp.
 14516 | Lair:2   | Noticed a seven-headed hydra
 15134 | D:10     | Entered Level 10 of the Dungeon
 15357 | D:10     | Found a staircase to the Orcish Mines.
 15521 | D:10     | Noticed a two-headed ogre
 15533 | D:10     | Killed a two-headed ogre
 15631 | D:10     | Identified the +3 leather armour "Luer" {rElec rCorr}
 15644 | D:10     | Identified the +6 scale mail of Ethics {Dex+2}
 15958 | D:10     | Found an iron altar of Okawaru.
 15958 | D:10     | Noticed a two-headed ogre
 15971 | D:10     | Killed a two-headed ogre
 16210 | D:10     | Reached ***** piety under Zin
 16270 | D:10     | Found a glowing golden altar of the Shining One.
 16272 | D:10     | Noticed an angel
 16289 | D:10     | Found a basalt altar of Yredelemnul.
 16291 | D:10     | Noticed a profane servitor
 16329 | D:10     | Found a snail-covered altar of Cheibriados.
 16363 | D:10     | Noticed a two-headed ogre
 16364 | D:10     | Found a transporter.
 16364 | D:10     | Noticed Calas's ghost (journeyman MiMo)
 16364 | D:10     | Noticed a two-headed ogre
 16365 | D:10     | Identified the +5 great mace of Painful Death {antimagic,
                  | rC+}
 16365 | D:10     | Identified the +1 giant club "Sigepp" {holy, Dex+6}
 16365 | D:10     | Noticed a two-headed ogre
 16366 | D:10     | Found a transporter.
 16366 | D:10     | Noticed a two-headed ogre
 16366 | D:10     | Noticed a two-headed ogre
 16409 | D:11     | Noticed a two-headed ogre
 16420 | D:11     | Killed a two-headed ogre
 16567 | D:11     | Noticed a two-headed ogre
 16622 | D:9      | HP: 4/110 [vampire mosquito (10)]
 17037 | D:11     | Reached skill level 1 in Throwing
 17077 | D:11     | Reached skill level 1 in Evocations
 17088 | D:11     | Killed a two-headed ogre
 17186 | D:11     | Found a runed translucent gate.
 17225 | D:11     | Noticed a two-headed ogre
 17234 | D:11     | Killed a two-headed ogre
 17316 | D:11     | Found a runed translucent gate.
 17317 | D:11     | Found a runed translucent gate.
 17319 | D:11     | Noticed diceflayer's ghost (journeyman DsFi)
 17516 | D:11     | Noticed a boulder beetle
 17538 | D:11     | Killed a boulder beetle
 17836 | D:12     | Noticed a centaur warrior
 17856 | D:12     | Killed a centaur warrior
 18180 | D:12     | Reached XP level 13. HP: 96/116 MP: 18/18
 18378 | D:12     | Found a portal to a secret trove of treasure.
 18555 | D:12     | Slain by a manticore

Illustrated notes

Levels and vault maps discovered:
D:1:      evilmike_arrival_hilbert_curve, layout_basic, chequers_garden,
          minmay_tetromino_i2
D:2:      layout_basic, ebering_ecumenical_altar_rust
D:3:      layout_basic, overflow_temple_1_default,
          chequers_serial_rivers_large_a
D:4:      layout_basic, minmay_temple_entry_offerings, dk_noncrumbling_2
D:5:      layout_loops_cross, mainiacjoe_overflow_concentric_impassable,
          dancing_weapons_uskayaw
D:6:      layout_cave_pods, gammafunk_ghost_abyssal_escape, uniq_sigmund
D:7:      layout_loops_corners, nicolae_island_escapes
D:8:      layout_basic, mainiacjoe_overflow_brackets,
          chequers_temple_overflow_statue_of_worship, erik_lair_dragon,
          uniq_maggie
D:9:      layout_stronghold, mainiacjoe_overflow_alcove_2
D:10:     layout_cave_pools, grunt_temple_overflow_holy_war, chei_slow_surprise,
          kennysheep_okawaru_gauntlet, david_orc_2, gammafunk_ghost_smash
D:11:     layout_rooms, ebering_ghost_rock_garden
D:12:     layout_rooms, nicolae_trove_entry_diagonal, minmay_stone_trees_small,
          serial_library_hellmonk_angled_corner, minmay_crystal_box
Lair:1:   layout_loops_ring, uniq_gastronok
Lair:2:   layout_long_grid, mainiacjoe_swamp_entry_lozenge_pond,
          alex1729_snake_entry_snake

Skill      XL: |  1  2  3  4  5  6  7  8  9 10 11 12 |
---------------+-------------------------------------+-----
Long Blades    | 3 4 5 6 7 8 9 11 12 14 | 14.0
Fighting       | 4 5 6 7 8 10 11 | 11.5
Armour         | 4 5 6 7 9 10 11 | 11.6
Dodging        | 1 2 3 4 5 7 8 9 |  9.8
Invocations    | 1 2 3 5 6 7 8 |  8.8
Shields        | 6 7 |  7.6
Throwing       | 2 |  2.7
Evocations     | 2 |  2.3

Action                     |  1- 3 |  4- 6 |  7- 9 | 10-12 | 13-15 || total
---------------------------+-------+-------+-------+-------+-------++-------
  Melee: Long sword        |    79 |   110 |   266 |   761 |    50 ||  1266
         Headbutt          |    11 |    20 |    46 |   235 |     7 ||   319
  Throw: Boomerang         |       |       |     4 |    42 |    10 ||    56
         Throwing net      |       |       |     2 |       |       ||     2
         Dart              |       |       |       |     9 |     5 ||    14
 Invoke: Recite            |       |     2 |     8 |    15 |     1 ||    26
         Vitalisation      |       |       |       |     4 |       ||     4
         Imprison          |       |       |       |     1 |       ||     1
  Evoke: Wand              |       |       |     1 |     2 |       ||     3
         Condenser vane    |       |       |       |     1 |       ||     1
    Use: Scroll            |     8 |     9 |     4 |    11 |       ||    32
         Potion            |       |       |     2 |    11 |       ||    13
   Stab: Petrified         |       |       |       |    13 |       ||    13
         Petrifying        |       |       |       |     2 |       ||     2
         Confused          |       |       |       |     5 |       ||     5
         Paralysed         |       |       |       |     2 |       ||     2
 Armour: Scale mail        |    66 |     5 |       |       |       ||    71
         Chain mail        |       |    82 |   276 |    66 |       ||   424
         Plate armour      |       |       |       |   550 |    49 ||   599
  Dodge: Dodged            |    41 |    46 |   123 |   317 |    30 ||   557
         Repelled          |       |       |       |     4 |     2 ||     6
  Block: Buckler           |    23 |    36 |    66 |   241 |    14 ||   380
